 Dungeon Crawl Stone Soup version 0.23.2-40-g277498a001 (webtiles) character file.

Game seed: 3934276141712297685

20991 H0rd4k the Eclecticist (level 12, -6/59 HPs)
             Began as a Deep Elf Wizard on Oct 1, 2019.
             Was a High Priest of Sif Muna.
             Killed from afar by a swamp worm (14 damage)
             ... with a harpoon shot
             ... on level 3 of the Lair of Beasts on Oct 7, 2019.
             The game lasted 01:18:46 (23797 turns).

H0rd4k the Eclecticist (Deep Elf Wizard)           Turns: 23797, Time: 01:18:47

Health: -6/59      AC:  6    Str:  4    XL:     12   Next: 50%
Magic:  0/35       EV: 18    Int: 29    God:    Sif Muna [*****.]
Gold:   1029       SH:  0    Dex: 13    Spells: 28/45 levels left

rFire    . . .     SeeInvis +   O - staff of conjuration
rCold    . . .     Gourm    .   (no shield)
rNeg     . . .     Faith    .   F - +1 robe {MR+}
rPois    .         Spirit   +   b - +0 hat
rElec    .         Reflect  .   s - +2 cloak
rCorr    .         Harm     .   (no gloves)
MR       ++...                  (no boots)
Stlth    +++.......             D - amulet of guardian spirit
HPRegen  0.19/turn              x - +3 ring of evasion
MPRegen  0.24/turn              r - ring of see invisible

@: very slightly contaminated
A: no striking features
a: Divine Energy, Channel Magic, Forget Spell, Renounce Religion


You were on level 3 of the Lair of Beasts.
You worshipped Sif Muna.
Sif Muna was extremely pleased with you.
You were not hungry.

You visited 3 branches of the dungeon, and saw 15 of its levels.

You collected 1029 gold pieces.

Inventory:

Hand Weapons
 B - a +3 dagger of venom
Armour
 b - a +0 hat (worn)
 s - a +2 cloak (worn)
 F - a +1 robe of magic resistance (worn)
Magical Staves
 O - an uncursed staff of conjuration (weapon)
Jewellery
 g - a +2 amulet of reflection
 j - an uncursed amulet of the gourmand
 r - a ring of see invisible (right hand)
 w - an uncursed ring of resist corrosion
 x - a +3 ring of evasion (left hand)
 D - an amulet of guardian spirit (around neck)
Wands
 q - a wand of clouds (2)
 y - a wand of disintegration (3)
 E - a wand of paralysis (5)
 H - a wand of iceblast (8)
 N - a wand of enslavement (4)
 S - a wand of polymorph (5)
Scrolls
 h - 2 scrolls of enchant armour
 o - a scroll of fog
 p - a scroll of magic mapping
 C - 2 scrolls of noise
 G - 3 scrolls of remove curse
 K - a scroll of enchant weapon
Potions
 a - 2 potions of berserk rage
 c - 4 potions of curing
 e - 3 potions of brilliance
 f - a potion of magic
 i - 5 potions of lignification
 l - a potion of flight
 m - a potion of resistance
 t - 2 potions of might
 v - 2 potions of mutation
 z - a potion of agility
 J - 3 potions of ambrosia
 M - a potion of cancellation
 Q - a potion of degeneration
 R - a potion of heal wounds
Comestibles
 d - 23 rations


   Skills:
 + Level 6.5 Dodging
 + Level 4.6 Stealth
 + Level 17.2 Spellcasting
 + Level 10.9 Conjurations
 + Level 2.8 Hexes
   Level 1.1 Summonings
 + Level 3.6 Translocations
 + Level 3.5 Fire Magic
 + Level 9.8 Earth Magic
 + Level 2.8 Evocations


You had 28 spell levels left.
You knew the following spells:

 Your Spells              Type           Power        Failure   Level  Hunger
a - Magic Dart            Conj           ####         1%          1    None
b - Blink                 Tloc           N/A          1%          2    None
c - Conjure Flame         Conj/Fire      #######.     1%          3    None
d - Passwall              Tmut/Erth      ######..     1%          2    None
e - Lee's Rapid Deconstr  Erth           ######....   1%          5    None
f - Fulminant Prism       Conj/Hex       #######...   1%          4    None

Your spell library contained the following spells:

 Spells                   Type           Power        Failure   Level  Hunger
 Sandblast                Erth           ######       1%          1    None
 Call Imp                 Summ           ####....     1%          2    None
 Searing Ray              Conj           ######       1%          2    None
 Slow                     Hex            #####...     1%          2    None
 Dazzling Spray           Conj/Hex       ######       1%          3    None
 Mephitic Cloud           Conj/Pois/Air  ######..     1%          3    None
 Stone Arrow              Conj/Erth      ######       1%          3    None
 Force Lance              Conj/Tloc      #######.     1%          4    None
 Iskenderun's Mystic Bla  Conj           #######.     1%          4    None
 Sticks to Snakes         Tmut           ####....     2%          2    None
 Petrify                  Tmut/Erth      ######..     2%          4    None
 Fireball                 Conj/Fire      #######...   2%          5    None
 Statue Form              Tmut/Erth      ######...    36%         6    ##.....
 Dragon Form              Tmut           ####......   100%        7    ####...
 Chain Lightning          Conj/Air       ######....   100%        8    ######.


Dungeon Overview and Level Annotations

Branches:
Dungeon (11/15)            Temple (1/1) D:6            Lair (3/6) D:11
 Spider (0/4) Lair:2
  Swamp: Lair:2-4    Shoals: Lair:2-4       Orc: D:9-12

Altars:
Ashenzari
Cheibriados
Dithmenos
Elyvilon
Fedhas
Gozag
Hepliaklqana
Kikubaaqudgha
Makhleb
Nemelex Xobeh
Okawaru
Qazlal
Ru
Sif Muna
Trog
Uskayaw
Vehumet
Wu Jian
Xom
Yredelemnul
Zin
The Shining One

Shops:
D:4 %   D:8 (   D:11 [

Annotations:
D:8 Joseph, Maurice
D:10 exclusion: 2 downstairs


Message History

Unknown command.
Casting: Blink (safe; 1% risk of failure)
Confirm with . or Enter, or press ? or * to list all spells.
You don't have enough magic to cast that spell.
Okay, then.
Unknown command.
Okay, then.
Unknown command.
Unknown command.
Okay, then.
Unknown command.
Okay, then.
Unknown command.
Unknown command.
Casting: Blink (safe; 1% risk of failure)
Confirm with . or Enter, or press ? or * to list all spells.
You blink.
The swamp worm throws harpoon shot at you.
The harpoon shot hits you!
You die...

# ### ### #.# ####..## .##...##
.## #......# #......# ..#
##......# ##......# ..##
##P......###.......# ...#
#........P# #...... ...##
##..@....####....# ## ....####
#........##.##..####. .......#
#.#..................% .......# #
##§w.......###...... .......#
####.##w...#.## #......
.....######PP## ##..###.##!......
#.....# P.....###.Y#..##.........
#####.###......#..#.##...........
#..#.......§..#Y#..........##


You could see an elephant, a tyrant leech and a swamp worm.

Vanquished Creatures
  A hydra (Lair:3)
  A two-headed ogre (D:8)
  A phantasmal warrior (D:10)
  An oklob plant (D:11)
  An ugly thing (D:11)
  A black mamba (Lair:1)
  2 elephants (Lair:3)
  A centaur zombie (D:10)
  5 spiny frogs
  A rime drake (Lair:2)
  2 komodo dragons
  A jumping spider (Lair:2)
  3 trolls
  Grinder (D:6)
  Prince Ribbit (D:8)
  6 blink frogs (Lair:2)
  2 hippogriffs
  A spriggan (D:9)
  Sigmund (D:3)
  2 wraiths (D:10)
  14 yaks
  A hungry ghost (D:10)
  2 basilisks
  3 porcupines
  2 water moccasins (Lair:2)
  3 ice beasts
  7 orc warriors
  2 sky beasts
  2 phantoms
  A black bear (D:7)
  6 ogres
  24 wolves (Lair:2)
  7 crocodiles
  7 centaurs
  2 big kobolds (D:10)
  6 bullfrogs
  A gnoll sergeant (D:9)
  A wyvern skeleton (D:10)
  A scorpion (D:9)
  5 killer bees (D:11)
  13 wights
  2 electric eels (D:9)
  7 howler monkeys
  7 crimson imps
  A bullfrog zombie (D:5)
  A centaur skeleton (D:7)
  3 jellies
  2 quasits
  12 orc priests
  Crazy Yiuf (D:6)
  2 bullfrog skeletons
  4 iguanas
  18 orc wizards
  8 worker ants
  A killer bee zombie (D:7)
  A hound skeleton (D:7)
  2 worker ant zombies (D:6)
  A howler monkey zombie (D:5)
  11 gnolls
  A howler monkey skeleton (D:5)
  14 adders
  3 shadow imps
  An adder skeleton (D:6)
  2 worms
  6 leopard geckos
  64 orcs
  A ball python (D:3)
  3 giant cockroaches
  3 goblins
  6 hobgoblins
  10 jackals
  23 kobolds
  6 quokkas
  5 bats
  A jackal zombie (D:6)
  A quokka skeleton (D:8)
  6 rats
  2 fungi (Lair:2)
387 creatures vanquished.

Vanquished Creatures (others)
  A bush (Lair:3)
  21 fulminant prisms
  18 plants
40 creatures vanquished.

Grand Total: 427 creatures vanquished

Notes
Turn   | Place    | Note
-------+----------+-------------------------------------------
     0 | D:1      | H0rd4k the Deep Elf Wizard began the quest for the Orb.
     0 | D:1      | Reached XP level 1. HP: 10/10 MP: 7/7
     6 | D:1      | Noticed a hound
     6 | D:1      | Noticed an iguana
     6 | D:1      | Noticed a redback
     7 | D:1      | Noticed a salamander
     7 | D:1      | Noticed a polar bear
   321 | D:1      | Reached skill level 5 in Spellcasting
   375 | D:1      | Reached XP level 2. HP: 15/15 MP: 7/10
  1041 | D:2      | Reached XP level 3. HP: 19/19 MP: 8/12
  1073 | D:2      | Learned a level 2 spell: Blink
  1077 | D:2      | Learned a level 3 spell: Conjure Flame
  1324 | D:2      | Reached skill level 6 in Spellcasting
  1878 | D:3      | Noticed Sigmund
  1883 | D:3      | Reached XP level 4. HP: 24/24 MP: 2/14
  2144 | D:4      | Found an ornate altar of the Wu Jian Council.
  2563 | D:4      | Reached XP level 5. HP: 28/28 MP: 5/16
  3080 | D:4      | Reached skill level 7 in Spellcasting
  3253 | D:5      | Entered Level 5 of the Dungeon
  3253 | D:5      | Noticed a phantom
  3612 | D:4      | Noticed a phantom
  4103 | D:3      | Reached XP level 6. HP: 32/32 MP: 13/18
  4469 | D:4      | Found Kiewnusi's Food Boutique.
  4519 | D:4      | Reached skill level 8 in Spellcasting
  4779 | D:6      | Noticed an orc warrior
  5154 | D:4      | Reached XP level 7. HP: 36/36 MP: 9/20
  5612 | D:5      | Reached skill level 9 in Spellcasting
  5764 | D:5      | Reached skill level 5 in Conjurations
  5808 | D:5      | Reached skill level 1 in Fire Magic
  5848 | D:5      | Found a shimmering altar of Xom.
  5856 | D:5      | Reached XP level 8. HP: 41/41 MP: 13/23
  6034 | D:5      | Learned a level 2 spell: Passwall
  6195 | D:5      | HP: 1/41 [centaur/arrow (7)]
  6646 | D:6      | Reached skill level 10 in Spellcasting
  7124 | D:6      | Found a staircase to the Ecumenical Temple.
  7134 | Temple   | Entered the Ecumenical Temple
  7223 | Temple   | Became a worshipper of Sif Muna the Loreminder
  7672 | D:6      | Reached skill level 5 in Dodging
  7859 | D:7      | Reached skill level 11 in Spellcasting
  7958 | D:7      | Noticed a hippogriff
  7966 | D:7      | Killed a hippogriff
  7966 | D:7      | Reached * piety under Sif Muna
  7972 | D:7      | Reached XP level 9. HP: 45/45 MP: 5/26
  8104 | D:7      | You fall through a shaft for 2 floors!
  8263 | D:9      | Reached skill level 12 in Spellcasting
  8285 | D:10     | Entered Level 10 of the Dungeon
  8320 | D:8      | Found Eddosol's Antique Weapon Shop.
  8326 | D:8      | Noticed Maurice
  8845 | D:7      | Reached ** piety under Sif Muna
  9520 | D:6      | Noticed Grinder
 10742 | D:6      | Found a runed translucent door.
 10743 | D:6      | Noticed Crazy Yiuf
 11281 | D:8      | Noticed Joseph
 11448 | D:8      | Noticed Prince Ribbit
 12308 | D:10     | Reached skill level 13 in Spellcasting
 12381 | D:10     | Reached XP level 10. HP: 43/50 MP: 6/29
 12428 | D:11     | Noticed a cyan ugly thing
 12723 | D:10     | Reached *** piety under Sif Muna
 13105 | D:10     | Reached skill level 1 in Earth Magic
 13729 | D:10     | Reached skill level 10 in Conjurations
 14152 | D:10     | Learned a level 5 spell: Lee's Rapid Deconstruction
 14221 | D:11     | Found Vixzumy's Antique Armour Emporium.
 14587 | D:11     | Noticed a death knight
 14592 | D:11     | Noticed a phantasmal warrior
 14940 | D:9      | Found a transporter.
 14958 | D:9      | Found a transporter.
 15058 | D:8      | Reached **** piety under Sif Muna
 15058 | D:8      | Reached skill level 14 in Spellcasting
 16310 | D:6      | Paralysed by Crazy Yiuf for 4 turns
 16318 | D:6      | Killed Crazy Yiuf
 16933 | D:3      | Killed Sigmund
 17222 | D:6      | Killed Grinder
 17392 | D:8      | Noticed a two-headed ogre
 17399 | D:8      | Killed a two-headed ogre
 17399 | D:8      | Reached skill level 5 in Earth Magic
 17399 | D:8      | Reached XP level 11. HP: 54/54 MP: 12/31
 17790 | D:8      | Killed Prince Ribbit
 17886 | D:8      | Learned a level 4 spell: Fulminant Prism
 18509 | D:10     | Identified a scroll of acquirement
 18723 | D:11     | Killed a cyan ugly thing
 19087 | D:11     | Reached ***** piety under Sif Muna
 19087 | D:11     | Reached skill level 15 in Spellcasting
 19087 | D:11     | Reached skill level 1 in Hexes
 19312 | D:10     | Identified Sif Muna's Collected Works on Unstable
                  | Orientation (Sif Muna gifted it to you on level 10 of the
                  | Dungeon)
 19312 | D:10     | Received a gift from Sif Muna
 19481 | D:10     | Killed a phantasmal warrior
 19978 | D:11     | Noticed an eight-headed hydra
 20229 | D:11     | Found a staircase to the Lair.
 20231 | D:11     | Noticed an oklob plant
 20237 | D:11     | Killed an oklob plant
 20258 | Lair:1   | Entered Level 1 of the Lair of Beasts
 21107 | Lair:2   | Reached skill level 16 in Spellcasting
 21109 | Lair:2   | Reached skill level 1 in Evocations
 21470 | Lair:2   | Found a hole to the Spider Nest.
 21489 | Lair:2   | Identified Sif Muna's Grimoire of Ashen Conjuration (Sif
                  | Muna gifted it to you on level 2 of the Lair of Beasts)
 21489 | Lair:2   | Received a gift from Sif Muna
 21597 | Lair:2   | Reached XP level 12. HP: 38/59 MP: 11/34
 22907 | Lair:2   | Got a faintly glowing buckler
 22914 | Lair:2   | Identified the +0 buckler "Yminuur" {*Corrode rPois SInv}
                  | (You acquired it on level 2 of the Lair of Beasts)
 22976 | Lair:3   | Noticed a four-headed hydra
 22983 | Lair:3   | Killed a four-headed hydra
 23423 | Lair:3   | Reached skill level 17 in Spellcasting
 23797 | Lair:3   | Killed from afar by a swamp worm

Skill      XL: |  1  2  3  4  5  6  7  8  9 10 11 12 |
---------------+-------------------------------------+-----
Spellcasting   | 5 6 7 8 9 11 13 14 16 17 | 17.2
Dodging        | 3 4 5 6 |  6.5
Stealth        | 3 4 |  4.6
Conjurations   | 3 4 5 7 9 10 | 10.9
Fire Magic     | 1 3 |  3.5
Translocations | 2 3 |  3.6
Earth Magic    | 5 8 9 |  9.8
Hexes          | 2 |  2.8
Evocations     | 1 2 |  2.8
Summonings     | |  1.1

Action                   |  1- 3 |  4- 6 |  7- 9 | 10-12 || total
-------------------------+-------+-------+-------+-------++-------
Melee: Unarmed           |       |     1 |       |       ||     1
       Dagger            |       |       |       |     4 ||     4
 Cast: Magic Dart        |    97 |   277 |   687 |   464 ||  1525
       Conjure Flame     |       |    16 |    34 |    62 ||   112
       Blink             |       |     6 |       |    35 ||    41
       Passwall          |       |       |     1 |       ||     1
       Lee's Rapid Decon |       |       |       |   115 ||   115
       Fulminant Prism   |       |       |       |    21 ||    21
Evoke: Wand              |       |       |    10 |    31 ||    41
  Use: Potion            |       |     1 |       |     4 ||     5
       Scroll            |       |     5 |    11 |    18 ||    34
  Eat: Chunk             |     2 |    14 |     7 |    16 ||    39
       Ration            |       |       |     3 |     6 ||     9
Armor: Robe              |     1 |    25 |    21 |    13 ||    60
       Leather armour    |       |       |    13 |       ||    13
Dodge: Dodged            |    17 |    90 |   174 |   142 ||   423
